 Dungeon Crawl Stone Soup version 0.20-a0-502-g555d78b (webtiles) character file.

67 Kidiri the Magician (level 3, -3/19 HPs)
             Began as a Deep Elf Fire Elementalist on Jan 20, 2017.
             Slain by a gnoll
             ... wielding a +0 halberd
              (11 damage)
             ... on level 2 of the Dungeon.
             The game lasted 00:04:30 (1771 turns).

Kidiri the Magician (Deep Elf Fire Elementalist)    Turns: 1771, Time: 00:04:31

Health: -3/19      AC:  2    Str:  5    XL:     3   Next: 98%
Magic:  3/11       EV: 13    Int: 20    God:
Gold:   99         SH:  0    Dex: 15    Spells: 2/11 levels left

rFire    . . .     SeeInvis .   e - +2 dagger (elec)
rCold    . . .     Gourm    .   a - +0 robe
rNeg     . . .     Faith    .   (no shield)
rPois    .         Spirit   .   (no helmet)
rElec    .         Reflect  .   (no cloak)
rCorr    .         Harm     .   (no gloves)
MR       .....                  (no boots)
Stlth    ++........             (no amulet)
Regen    0.1/turn               (no ring)
                                (no ring)

@: no status effects
A: no striking features
a: no special abilities


You were on level 2 of the Dungeon.
You were not hungry.

You visited 1 branch of the dungeon, and saw 2 of its levels.

You collected 99 gold pieces.

Inventory:

Hand Weapons
 e - a +2 dagger of electrocution (weapon)
Armour
 a - a +0 robe (worn)
Scrolls
 j - a scroll of amnesia
Potions
 g - a potion of magic
 h - a potion of mutation {unknown}
 i - a potion of beneficial mutation {unknown}
 k - 3 potions of curing {unknown}
 l - a potion of haste {unknown}
Books
 b - a book of Flames

   Spells                             Type                      Level
   a - Flame Tongue                   Conjuration/Fire             1
   b - Throw Flame                    Conjuration/Fire             2
   c - Conjure Flame                  Conjuration/Fire             3
   d - Inner Flame                    Hexes/Fire                   3
   e - Sticky Flame                   Conjuration/Fire             4
   f - Fireball                       Conjuration/Fire             5
Comestibles
 c - 2 bread rations
 d - 5 chunks of flesh
 f - 2 meat rations


   Skills:
 - Level 2.4 Dodging
 - Level 2.4 Stealth
 * Level 4.6 Spellcasting
 + Level 2.4 Conjurations
 + Level 3.8 Fire Magic


You had 2 spell levels left.
You knew the following spells:

 Your Spells              Type           Power        Failure   Level  Hunger
a - Flame Tongue          Conj/Fire      ###..        3%          1    None
b - Throw Flame           Conj/Fire      ###...       6%          2    #......
c - Conjure Flame         Conj/Fire      ###.....     12%         3    ##.....
d - Inner Flame           Hex/Fire       ##......     17%         3    ##.....


Dungeon Overview and Level Annotations

Branches:
Dungeon (2/15)

Altars:


Message History

Press: ? - help, Shift-Dir - straight line, f/p - gnoll
Aim: a gnoll, wielding a spear (moderately wounded)
The flame tongue hits the gnoll.
The gnoll is severely wounded.
Casting: Flame Tongue
Confirm with . or Enter, or press ? or * to list all spells.
Aiming: Flame Tongue
Press: ? - help, Shift-Dir - straight line, f/p - gnoll
Aim: a gnoll, wielding a spear (heavily wounded)
The flame tongue hits the gnoll.
The gnoll is severely wounded.
There is an open door here.
There is a stone staircase leading down here.
A gnoll comes into view. It is wielding a halberd.
A gnoll comes into view.
You see here a club.
There is a stone staircase leading up here.
The gnoll hits you from afar with a halberd!
Ouch! That really hurt!
You die...

≈#### #.#.<#.##..# ♣
#.#........#
♣######.#........# ..
P♣#.....#......#.####...
≈♣...####...<..........
≈♣...# #..........##..
♣≈...####.#g.....#.##..
≈♣..###<.......#.#g##.#
≈♣.## #.##..#...@#g##.#
≈≈.# #.##..##g#)#!##.#
♣≈(# #..........#.##.#
♣P##
########.#g#g##.##########
♣## #...#.............# ♣
##..####g.........# ♣#
#.># #..........# ≈# ##.#
#g.........# ## #.#
#..........#


You could see 3 gnolls.

Vanquished Creatures
  A gnoll (D:2)
  An ooze (D:1)
  A worm (D:2)
  2 dart slugs
  5 leopard geckos
  A giant cockroach (D:1)
  8 goblins
  3 hobgoblins
  3 bats
  4 frilled lizards
  5 kobolds
  6 rats
40 creatures vanquished.

Notes
Turn   | Place    | Note
-------+----------+-------------------------------------------
     0 | D:1      | Kidiri the Deep Elf Fire Elementalist began the quest for the Orb.
     0 | D:1      | Reached XP level 1. HP: 10/10 MP: 6/6
   493 | D:1      | Reached XP level 2. HP: 8/15 MP: 4/8
   506 | D:1      | Learned a level 2 spell: Throw Flame
   934 | D:1      | Reached XP level 3. HP: 19/19 MP: 3/10
   938 | D:1      | Reached skill level 4 in Spellcasting
   943 | D:1      | Learned a level 3 spell: Conjure Flame
   947 | D:1      | Learned a level 3 spell: Inner Flame
  1771 | D:2      | Slain by a gnoll

Vault maps used:
D:1:      saegor_arrival_under_anarchy
D:2:      lemuel_doored_altar, first_bread, serial_bayou_lake_a

Skill      XL: |  1  2  3 |
---------------+----------+-----
Conjurations   | 2 |  2.4
Spellcasting   | 4 |  4.6
Dodging        | |  2.4
Stealth        | |  2.4
Fire Magic     | |  3.8

Action                   || total
-------------------------++-------
Melee: Short sword       ||     5
       Dagger            ||    22
 Cast: Flame Tongue      ||    58
       Throw Flame       ||     6
       Conjure Flame     ||     1
  Use: Scroll            ||     5
  Eat: Chunk             ||     3
Armor: Robe              ||     7
Dodge: Dodged            ||    30
